AoeStats
← SalzZ_classicpro

Arabia

506104594Analyzed
1v1 RM · 20d ago on Sep 12, 2026· 38m 42s· 2 players
Game mode
Random Map
Map size
Tiny (2 player)
Population
200
Speed
Normal
Resources
Standard
Victory
Conquest
Starting age
Dark Age
Ending age
Imperial Age
RankedLock teamsTeams togetherTeam positionsShared explorationLock speedFull tech treeHidden civsTurbo modeCheats
Victory
Defeat
🇺🇦 Maya · Ukraine
2801
+6
🇩🇰 Portuguese · Denmark
2556
-6
OS+ | Emil :D
7:58 Loom
11:16 Feudal Age
11:24 Man-at-Arms
12:27 Double-Bit Axe
15:42 Fletching
16:08 Padded Archer Armor
23:21 Castle Age
21:43 Gold Mining
23:24 Crossbowman
23:59 Bodkin Arrow
24:25 Town Watch
25:40 Ballistics
28:51 Leather Archer Armor
31:18 Wheelbarrow
37:02 Scale Barding Armor
SalzZ_classicpro
0:25 Loom
11:27 Feudal Age
11:28 Man-at-Arms
12:17 Horse Collar
12:44 Double-Bit Axe
14:46 Fletching
14:56 Padded Archer Armor
14:55 Town Watch
15:46 Scale Mail Armor
22:00 Castle Age
20:05 Gold Mining
22:02 Crossbowman
22:37 Bodkin Arrow
23:06 Bow Saw
24:25 Wheelbarrow
24:17 Ballistics
24:49 Thumb Ring
25:33 Leather Archer Armor
26:21 Elite Skirmisher
39:00 Imperial Age
36:37 Guard Tower
36:50 Scale Mail Armor
37:03 Squires
37:06 Eagle Warrior
37:59 Heavy Plow
38:42 Chain Mail Armor
38:38 Forging
Connection lost

Rejoining the realm…

Still unreachable

The connection could not be restored.

Session expired

The server has moved on; the page needs a fresh start.